 Dungeon Crawl Stone Soup version 0.22.1-1-ga44c0e56f4 (webtiles) character file.

77 Ihlosi the Skirmisher (level 4, -1/50 HPs)
             Began as an Ogre Fighter on Nov 1, 2018.
             Slain by Grinder (5 damage)
             ... while paralysed by Grinder
             ... on level 3 of the Dungeon.
             The game lasted 00:06:38 (2198 turns).

Ihlosi the Skirmisher (Ogre Fighter)                Turns: 2198, Time: 00:06:39

Health: -1/50      AC:  3    Str: 20    XL:     4   Next: 33%
Magic:  4/4        EV:  1    Int:  9    God:
Gold:   136        SH:  0    Dex:  9    Spells: 3/3 levels left

rFire    . . .     SeeInvis .   i - +1 dagger (flame)
rCold    . . .     Gourm    .   c - +1 shield
rNeg     . . .     Faith    .   b - +0 robe
rPois    .         Spirit   .   (helmet restricted)
rElec    .         Reflect  .   (no cloak)
rCorr    .         Harm     .   (gloves unavailable)
MR       .....                  (boots unavailable)
Stlth    +.........             e - amulet of rage
HPRegen  0.16/turn              (no ring)
MPRegen  0.09/turn              (no ring)

@: paralysed
A: large, unfitting armour, tough skin 1
a: Evoke Berserk Rage


You were on level 3 of the Dungeon.
You were not hungry.

You visited 1 branch of the dungeon, and saw 3 of its levels.

You collected 136 gold pieces.

Inventory:

Hand Weapons
 a - a +0 flail
 h - a -1 mace
 i - a +1 dagger of flaming (weapon)
Armour
 b - a +0 robe (worn)
 c - a +1 shield (worn)
Jewellery
 e - an amulet of rage (around neck)
Scrolls
 g - a scroll of remove curse
 j - a scroll of fear
 k - 2 scrolls of teleportation
Comestibles
 f - 6 rations


   Skills:
 * Level 5.0 Fighting
 + Level 3.0 Maces & Flails
 - Level 3.0 Dodging
 - Level 3.0 Shields


You had 3 spell levels left.
You didn't know any spells.
Your spell library was empty.

Dungeon Overview and Level Annotations

Branches:
Dungeon (3/15)

Altars:
Fedhas

Annotations:
D:2 Ogre
D:3 Grinder


Innate Abilities, Weirdness & Mutations

You are too large for most types of armour.
You have tough skin. (AC +1)


Message History

Grinder hits you!
You writhe in agony.
You barely miss Grinder.
Grinder is moderately wounded.
Grinder gestures at you. Pain shoots through your body!
* * * LOW HITPOINT WARNING * * *
Grinder hits you.
* * * LOW HITPOINT WARNING * * *
You writhe in agony.
* * * LOW HITPOINT WARNING * * *
You aren't carrying any potions.
Your shield prevents you from hitting Grinder.
Grinder is moderately wounded.
Grinder barely misses you.
You hit Grinder but do no damage.
Grinder is moderately wounded.
Grinder gestures at you.
You suddenly lose the ability to move!
Grinder hits you.
You die...

w#...#. #......#.#
#.#.#.# ..$. ..
#####..#.# #...#.#
.#. .#. #..#.#
##..#.# 5. ..S.
...#.# ####..#.# #
## #( .....#
#.....#.# #+ ..#..#
#.###.#.# .######..#
#.# #...# .......5$#
#.####..##
#@####.....<..# .
#.......####..# ...
##...(...# #..##
.....######...†.####
##..#
................#
#..#
.....#####..#..)#
##.# ... #.###...#
#.# . ## ##..#
####.## #..# #.....#


You could see Grinder.

Vanquished Creatures
  A gnoll (D:1)
  2 adders (D:2)
  A worm (D:2)
  2 dart slugs (D:2)
  2 orcs
  7 bats
  A giant cockroach (D:1)
  4 goblins
  A hobgoblin (D:1)
  4 jackals (D:2)
  5 kobolds
  A quokka (D:2)
  A ball python (D:2)
  4 frilled lizards
  6 rats
42 creatures vanquished.

Notes
Turn   | Place    | Note
-------+----------+-------------------------------------------
     0 | D:1      | Ihlosi the Ogre Fighter began the quest for the Orb.
     0 | D:1      | Reached XP level 1. HP: 24/24 MP: 1/1
   149 | D:1      | Reached XP level 2. HP: 9/32 MP: 2/2
   870 | D:2      | Reached XP level 3. HP: 16/40 MP: 3/3
  1186 | D:2      | Found a blossoming altar of Fedhas.
  1510 | D:2      | Noticed an ogre
  1606 | D:2      | Reached XP level 4. HP: 46/49 MP: 4/4
  2006 | D:3      | Noticed Grinder
  2006 | D:3      | Paralysed by Grinder for 2 turns
  2169 | D:3      | Reached skill level 5 in Fighting
  2197 | D:3      | Paralysed by Grinder for 7 turns
  2198 | D:3      | Slain by Grinder

Skill      XL: |  1  2  3  4 |
---------------+-------------+-----
Maces & Flails | 2 3 |  3.0
Dodging        | 3 |  3.0
Shields        | 3 |  3.0
Fighting       | 5 |  5.0

Action                   |  1- 3 |  4- 6 || total
-------------------------+-------+-------++-------
Melee: Mace              |   107 |       ||   107
       Flail             |     2 |       ||     2
       Dagger            |     6 |    52 ||    58
  Use: Scroll            |     4 |     2 ||     6
       Potion            |     2 |       ||     2
 Stab: Sleeping          |     1 |       ||     1
  Eat: Chunk             |     2 |     2 ||     4
Armor: Robe              |    33 |     6 ||    39
Dodge: Dodged            |    47 |    12 ||    59
Block: Shield            |    72 |    22 ||    94
